 Dungeon Crawl Stone Soup version 0.29-a0-360-g8ed1089bbe (webtiles) character file.

Game seed: 982585696341938213

5 thiscave3701365 the Skirmisher (level 1, 0/20 HPs)
             Began as a Minotaur Abyssal Knight on Apr 28, 2022.
             Was a Follower of Lugonu.
             Succumbed to a kobold's poison
             ... on level 1 of the Dungeon.
             The game lasted 00:00:24 (207 turns).

thiscave3701365 the Skirmisher (MiAK)                Turns: 207, Time: 00:00:25

Health: 0/20       AC:  3    Str: 17    XL:     1   Next: 66%
Magic:  1/1        EV: 11    Int:  7    God:    Lugonu [*.....]
Gold:   10         SH:  0    Dex: 10    Spells: 0/0 levels left

rFire   . . .      SeeInvis .   a - +1 hand axe
rCold   . . .      Faith    .   (no shield)
rNeg    . . .      Spirit   .   b - +0 leather armour
rPois   .          Reflect  .   (helmet restricted)
rElec   .          Harm     .   (no cloak)
rCorr   .          Rampage  .   (no gloves)
Will    .....                   (no boots)
Stlth   +.........              (no amulet)
HPRegen 0.06/turn               (no ring)
MPRegen 0.07/turn               (no ring)

@: lethally poisoned (0 -> -12)
A: horns 2, retaliatory headbutt
a: Renounce Religion, Depart the Abyss


You were on level 1 of the Dungeon.
You worshipped Lugonu.
Lugonu was aware of your devotion.
You visited 1 branch of the dungeon, and saw 1 of its levels.
You visited the Abyss 1 time.

You collected 10 gold pieces.

Inventory:

Hand Weapons
 a - a +1 hand axe (weapon)
Armour
 b - a +0 leather armour (worn)


   Skills:
 + Level 3.9 Fighting
 + Level 2.5 Axes
 + Level 2.5 Armour
 + Level 1.1 Dodging
 + Level 1.8 Invocations


You couldn't memorise any spells.
You didn't know any spells.
Your spell library was empty.

Dungeon Overview and Level Annotations

Branches:
Dungeon (1/15)

Altars:


Innate Abilities, Weirdness & Mutations

You have a pair of horns on your head.
You reflexively headbutt those who attack you in melee.


Message History

There are monsters nearby!
Unknown command.
There are monsters nearby!
You hit the kobold.
You kill the kobold!
Lugonu accepts your kill.
The kobold throws a stone.
The stone hits you but does no damage.
Unknown command.
There are monsters nearby!
A hobgoblin comes into view.
The kobold hits you with a +2 dagger of venom.
You are poisoned.
The hobgoblin closely misses you.
Things that are here:
a +0 dagger; a +0 leather armour; a kobold corpse
There are monsters nearby!
Unknown command.
You completely miss the kobold. Your headbutt misses the kobold.
You hit the hobgoblin.
You feel sick.
The kobold hits you with a +2 dagger of venom.
You are lethally poisoned!
The hobgoblin closely misses you.
There is a lethal amount of poison in your body!
There is a lethal amount of poison in your body!
You closely miss the hobgoblin.
The hobgoblin is heavily wounded.
You hit the kobold.
You feel very sick. The hobgoblin hits you.
* * * LOW HITPOINT WARNING * * *
The kobold hits you with a +2 dagger of venom.
* * * LOW HITPOINT WARNING * * *
There is a lethal amount of poison in your body!
You are too injured to fight recklessly!
Unknown command.
There is a lethal amount of poison in your body!
You are too injured to fight recklessly!
Okay, then.
You aren't carrying any potions.
You die...

#..... ###..... #......
#..... #...#
#.#####...#############
#>.....................
#....K@................
#...gg#....############
#.....#....#
#.....#....#
#.....#....#
#.....#....#
#.....#....$
#.....####.##


You could see 2 hobgoblins and a kobold.

Vanquished Creatures
  An endoplasm (D:1)
  2 bats (D:1)
  A kobold (D:1)
  2 rats (D:1)
6 creatures vanquished.

Vanquished Creatures (others)
  A plant (D:1)
1 creature vanquished.

Grand Total: 7 creatures vanquished

Notes
Turn   | Place    | Note
-------+----------+-------------------------------------------
     0 | Abyss:1  | thiscave3701365 the Minotaur Abyssal Knight began the quest
                  | for the Orb.
     0 | Abyss:1  | Reached XP level 1. HP: 19/19 MP: 1/1
     0 | D:1      | Escaped the Abyss
   207 | D:1      | Succumbed to a kobold's poison

Illustrated notes

Levels and vault maps discovered:
D:1:      giann_bridges, layout_basic, basic_ecumenical_altar

Action                   || total
-------------------------++-------
Melee: Hand axe          ||     8
       Headbutt          ||     2
Invok: Depart the Abyss  ||     1
Armor: Leather armour    ||     1
Dodge: Dodged            ||     5

Table legend: (Time is in decaauts)
 A = Elapsed time spent in this place.
 B = Non-inter-level travel time spent in this place.
 C = Inter-level travel time spent in this place.
 D = Time resting spent in this place.
 E = Time spent auto-exploring this place.
 F = Levels seen in this place.
 G = Mean time per level.
                   A        B        C        D        E       F      G
               +--------+--------+--------+--------+--------+-----+--------+
         Total |    210 |    210 |      0 |    114 |     64 |   2 |  105.0 |
       Dungeon |    210 |    210 |      0 |    114 |     64 |   1 |  210.0 |
         Abyss |      0 |      0 |      0 |      0 |      0 |   1 |    0.0 |
               +--------+--------+--------+--------+--------+-----+--------+

Top non-repeatable levels by time:
     D:1: 210 daAuts
